 Dungeon Crawl Stone Soup version 0.19.0-18-g426998a (webtiles) character file.

2200 dysrexia the Transmogrifier (level 9, -5/53 HPs)
             Began as an Octopode Transmuter on Nov 12, 2016.
             Was a High Priest of Cheibriados.
             Slain by Grinder (6 damage)
             ... while paralysed by Grinder
             ... on level 6 of the Dungeon.
             The game lasted 00:21:52 (6652 turns).

dysrexia the Transmogrifier (Octopode Transmuter)   Turns: 6652, Time: 00:21:54

Health: -5/53      AC:  2    Str: 20    XL:     9   Next: 34%
Magic:  12/12      EV:  5    Int: 26    God:    Cheibriados [*****.]
Gold:   298        SH:  0    Dex: 32    Spells: 4 memorised, 1 level left

rFire  . . .     SeeInvis .       - Unarmed
rCold  . . .     Gourm    .     (shield currently unavailable)
rNeg   . . .     Faith    .     (helmet currently unavailable)
rPois  x         Spirit   .     (no amulet)
rElec  .         Reflect  .     (no ring)
rCorr  .         Harm     .     (no ring)
MR     .....                    (no ring)
Stlth  ++........               (no ring)
                                (no ring)
                                (no ring)
                                (no ring)
                                (no ring)

@: paralysed, spider-form, very slow
A: almost no armour, stealthy swim, (amphibious), 8 rings, (constrict 8),
(camouflage 0), (gelatinous body 0)
a: End Transformation, Bend Time, Temporal Distortion, Slouch, Step From Time,
Renounce Religion


You were on level 6 of the Dungeon.
You worshipped Cheibriados.
Cheibriados was extremely pleased with you.
You were not hungry.
You were a venomous arachnid creature.
You visited 1 branch of the dungeon, and saw 6 of its levels.
You also visited: Sewer.

You collected 298 gold pieces.

Inventory:

Missiles
 a - 81 arrows
 h - 2 curare-tipped needles
 m - 114 stones (quivered)
 o - 15 poisoned needles
Jewellery
 A - an uncursed amulet of harm {unknown}
Wands
 g - a wand of polymorph (0/24)
 i - a wand of paralysis (23/24)
Scrolls
 e - 6 scrolls of identify
 f - 2 scrolls of blinking
 k - 3 scrolls of enchant weapon
 t - a scroll of enchant armour {unknown}
 x - a scroll of teleportation
 y - a scroll of recharging
Potions
 d - a potion of lignification
 j - a potion of heal wounds {unknown}
 l - a potion of curing
 p - a potion of beneficial mutation {unknown}
 q - a potion of cure mutation {unknown}
 r - a potion of flight
 s - 2 potions of brilliance {unknown}
 u - a potion of mutation {unknown}
Books
 b - a book of Changes

   Spells                             Type                      Level
   a - Beastly Appendage              Transmutation                1
   b - Sticks to Snakes               Transmutation                2
   c - Spider Form                    Transmutation/Poison         3
   d - Ice Form                       Ice/Transmutation            4
   e - Blade Hands                    Transmutation                5
Comestibles
 c - 4 bread rations
 n - 4 meat rations
 v - a slice of pizza
 w - 4 fruits


   Skills:
 - Level 1.0 Fighting
 - Level 2.0 Dodging
 * Level 7.1 Unarmed Combat
 + Level 2.3 Spellcasting
 + Level 9.1 Transmutations
 - Level 2.0 Poison Magic
 + Level 4.6 Invocations


You had one spell level left.
You knew the following spells:

 Your Spells              Type           Power        Failure   Level  Hunger
a - Beastly Appendage     Tmut           ######       2%          1    None
b - Sticks to Snakes      Tmut           ######..     3%          2    ##.....
c - Spider Form           Tmut/Pois      ####......   12%         3    ###....
d - Blade Hands           Tmut           ######....   24%         5    ######.


Dungeon Overview and Level Annotations

Branches:
Dungeon (6/15)
 Temple: D:4-7

Altars:
Cheibriados
Qazlal
Sif Muna
Trog

Annotations:
D:6 Grinder


Innate Abilities, Weirdness & Mutations

You cannot wear most types of armour.
You are very stealthy in the water. (Stealth+)
((You are amphibious.))
You can wear up to eight rings at the same time.
((You can use your tentacles to constrict eight enemies at once.))
((Your skin changes colour to match your surroundings (Stealth+).))
((Your rubbery body absorbs attacks. (AC +1, EV +1)))


Message History

Grinder gestures at you. Pain shoots through your body!
You hit Grinder but do no damage.
Grinder is almost dead.
Grinder gestures at you.
You suddenly lose the ability to move!
Grinder gestures at you.
You shrug off the repeated paralysis!
Grinder hits you. x2
You writhe in agony.
Grinder hits you!
* * * LOW HITPOINT WARNING * * *
You writhe in agony.
* * * LOW HITPOINT WARNING * * *
Grinder hits you.
* * * LOW HITPOINT WARNING * * *
Grinder hits you!
* * * LOW HITPOINT WARNING * * *
You writhe in agony.
You die...

# ##### #
#.......#
.###.#...#. #
..5....[.. .#
.........#..##
#.<...†.....#
############.#
......(....#.#
######.##..s5# #.
#..#.# #. #..#.#
#. #..#.# #.
#.†#.# .. #..#.##
##
#.....##########.#
#................#
##........########


You could see Grinder.

Vanquished Creatures
  Prince Ribbit (D:5)
  Sigmund (D:2)
  Edmund (D:5)
  The ghost of feelmyfire the Conjurer, an amateur DECj (D:3)
  Purgy (Sewer)
  A sky beast (D:6)
  2 ogres
  3 centaurs
  Blork the orc (D:5)
  A bullfrog (D:4)
  6 scorpions
  A crimson imp (D:5)
  2 jellies (D:5)
  A hound (D:4)
  An orc priest (D:4)
  2 iguanas
  3 orc wizards
  5 worker ants
  Robin (D:3)
  12 adders
  2 shadow imps
  3 worms
  A dart slug (D:1)
  5 leopard geckos
  22 orcs
  A ball python (D:6)
  8 bats
  6 giant cockroaches
  19 goblins
  10 hobgoblins
  2 jackals (D:3)
  2 quokkas
  7 frilled lizards
  A jackal skeleton (D:4)
  10 kobolds
  8 rats
154 creatures vanquished.

Vanquished Creatures (collateral kills)
  2 orcs (D:4)
  3 ball pythons (D:5)
  2 rats (D:5)
7 creatures vanquished.

Grand Total: 161 creatures vanquished

Notes
Turn   | Place    | Note
-------+----------+-------------------------------------------
     0 | D:1      | dysrexia the Octopode Transmuter began the quest for the Orb.
     0 | D:1      | Reached XP level 1. HP: 13/13 MP: 3/3
   224 | D:1      | Found a snail-covered altar of Cheibriados.
   229 | D:1      | Became a worshipper of Cheibriados the Contemplative
   374 | D:1      | Reached XP level 2. HP: 15/18 MP: 5/5
   748 | D:2      | Reached skill level 3 in Transmutations
   748 | D:2      | Reached XP level 3. HP: 19/23 MP: 4/6
   752 | D:2      | Learned a level 2 spell: Sticks to Snakes
   756 | D:2      | Learned a level 3 spell: Spider Form
   767 | D:2      | Noticed a water elemental
   840 | D:2      | Noticed Sigmund
   847 | D:2      | Killed Sigmund
   847 | D:2      | Reached skill level 4 in Transmutations
   847 | D:2      | Reached XP level 4. HP: 11/28 MP: 5/7
   847 | D:2      | Reached XP level 5. HP: 13/33 MP: 5/8
   850 | D:2      | Found a stormy altar of Qazlal.
  1027 | D:2      | Noticed a fire elemental
  1027 | D:2      | Noticed an air elemental
  1103 | D:2      | Reached * piety under Cheibriados
  1103 | D:2      | Reached skill level 5 in Transmutations
  1132 | D:2      | Reached XP level 6. HP: 30/38 MP: 7/9
  1797 | D:3      | Noticed feelmyfire's ghost (amateur DECj)
  1866 | D:3      | Noticed Robin
  1876 | D:3      | Killed Robin
  1888 | D:3      | Reached ** piety under Cheibriados
  2391 | D:3      | Reached skill level 6 in Transmutations
  2673 | D:3      | HP: 1/38 [giant cockroach (2)]
  2854 | D:3      | Reached XP level 7. HP: 32/43 MP: 8/10
  2930 | D:3      | Reached *** piety under Cheibriados
  3172 | D:3      | Killed feelmyfire's ghost
  3172 | D:3      | Reached skill level 5 in Unarmed Combat
  3172 | D:3      | Reached skill level 1 in Poison Magic
  3358 | D:3      | Found a deep blue altar of Sif Muna.
  3958 | D:4      | Reached skill level 7 in Transmutations
  4591 | D:4      | Reached **** piety under Cheibriados
  4758 | D:4      | Reached XP level 8. HP: 48/48 MP: 9/11
  4914 | D:4      | Reached skill level 1 in Invocations
  4940 | D:4      | Found a bloodstained altar of Trog.
  5013 | D:5      | Entered Level 5 of the Dungeon
  5119 | D:5      | Noticed Prince Ribbit
  5269 | D:5      | Found a glowing drain.
  5307 | Sewer    | Entered a sewer
  5312 | Sewer    | Noticed Purgy
  5319 | Sewer    | Killed Purgy
  5319 | Sewer    | Reached skill level 8 in Transmutations
  5428 | D:5      | Learned a level 5 spell: Blade Hands
  5536 | D:5      | Noticed Edmund
  5553 | D:5      | Killed Prince Ribbit
  5558 | D:5      | Killed Edmund
  5558 | D:5      | Reached XP level 9. HP: 53/53 MP: 4/12
  5848 | D:5      | Reached ***** piety under Cheibriados
  6000 | D:5      | Reached skill level 9 in Transmutations
  6043 | D:5      | Noticed Blork the orc
  6050 | D:5      | Killed Blork the orc
  6064 | D:5      | Found a snail-covered altar of Cheibriados.
  6520 | D:6      | Noticed Grinder
  6646 | D:6      | Paralysed by Grinder for 6 turns
  6652 | D:6      | HP: 1/53 [Grinder (10)]
  6652 | D:6      | Slain by Grinder

Skill      XL: |  1  2  3  4  5  6  7  8  9 |
---------------+----------------------------+-----
Transmutations | 3 4 5 6 7 8 9 |  9.1
Unarmed Combat | 4 5 6 7 |  7.1
Poison Magic   | 2 |  2.0
Invocations    | 3 4 |  4.6
Fighting       | |  1.0
Dodging        | |  2.0
Spellcasting   | |  2.3

Action                   |  1- 3 |  4- 6 |  7- 9 || total
-------------------------+-------+-------+-------++-------
Melee: Unarmed           |    43 |   121 |   174 ||   338
       Constrict         |    10 |    40 |    28 ||    78
       Kick              |    10 |    30 |    26 ||    66
       Tentacles         |     8 |    33 |    29 ||    70
       Punch             |       |     6 |     6 ||    12
Throw: Stone             |       |       |     2 ||     2
 Cast: Beastly Appendage |    10 |    20 |    13 ||    43
       Sticks to Snakes  |       |     2 |     9 ||    11
       Spider Form       |       |       |    14 ||    14
       Blade Hands       |       |       |     3 ||     3
  Use: Scroll            |       |     7 |     5 ||    12
       Potion            |       |     1 |     1 ||     2
 Stab: Sleeping          |     4 |     7 |    11 ||    22
       Distracted        |       |     2 |     1 ||     3
  Eat: Chunk             |       |     4 |     7 ||    11
       Royal jelly       |       |       |     1 ||     1
Armor: Skin              |       |     6 |    17 ||    23
Dodge: Dodged            |    22 |    68 |   106 ||   196
